PAA
SUN PRAIRIE SWALLOWS @ PHOENIX HOTSPUR YOUTH
09/04/2021
 
TOP OF THE 1ST
Sun Prairie Swallows batting - Pitching for Phoenix Hotspur Youth : RHP Bob Cook
Pitching: RHP Bob Cook
Batting: RHB Joel Frazier 0-0: Called Strike
0-1: Foul Ball, location: 2F
0-2: Strikes out swinging
Batting: RHB Marcos Rivera 0-0: Ball
1-0: Ball
2-0: Foul Ball, location: 2F
2-1: Swinging Strike
2-2: Foul Ball, location: 2F
2-2: Ball
3-2: Base on Balls
Batting: RHB Joe Craig 0-0: Ball
Marcos Rivera steals 2nd base
1-0: Ball
2-0: Ball
3-0: Called Strike
3-1: Swinging Strike
3-2: Foul Ball, location: 2F
3-2: Foul Ball, location: 2F
3-2: Base on Balls
Batting: RHB Scott Forrest 0-0: Ground out 3-1 (Groundball, 34)
Marcos Rivera to third
Joe Craig to second
Batting: RHB José Carlos Ramos 0-0: Hit by Pitch
Batting: RHB Reece White 0-0: Ball
1-0: Foul Ball, location: 2F
1-1: Ball
2-1: Ball
3-1: SINGLE (Line Drive, 78S)
Marcos Rivera scores
Joe Craig to third
José Carlos Ramos to second
Batting: LHB Jason Tagwerker 0-0: Swinging Strike
0-1: Ball
1-1: Swinging Strike
1-2: Strikes out swinging
Top of the 1st over - 1 run(s), 1 hit(s), 0 error(s), 3 left on base; Sun Prairie 1 - Phoenix Hotspur 0
BOTTOM OF THE 1ST
Phoenix Hotspur Youth batting - Pitching for Sun Prairie Swallows : RHP Ernest Gunter
Pitching: RHP Ernest Gunter
Batting: LHB Arthur Ryan 0-0: Foul Ball, location: 2F
0-1: Called Strike
0-2: Fly out, F8 (Flyball, 8RM)
Batting: RHB John Boatner 0-0: Foul Ball, location: 2F
0-1: Fly out, F8 (Flyball, 8LM)
Batting: RHB Júlio Mateo 0-0: Ground out 6-3 (Groundball, 6M)
Bottom of the 1st over - 0 run(s), 0 hit(s), 0 error(s), 0 left on base; Sun Prairie 1 - Phoenix Hotspur 0
TOP OF THE 2ND
Sun Prairie Swallows batting - Pitching for Phoenix Hotspur Youth : RHP Bob Cook
Batting: RHB Millard Lewis 0-0: Called Strike
0-1: Ball
1-1: Foul Ball, location: 2F
1-2: Ball
2-2: Strikes out swinging
Batting: SHB Aurelio Costello 0-0: Called Strike
0-1: Foul Ball, location: 2F
0-2: DOUBLE (Line Drive, 89M)
Batting: RHB Joel Frazier 0-0: Called Strike
0-1: Foul Ball, location: 2F
0-2: Foul Ball, location: 2F
0-2: Ball
1-2: Foul Ball, location: 2F
1-2: Foul Ball, location: 2F
1-2: Ground out 6-3 (Groundball, 56)
Batting: RHB Marcos Rivera 0-0: Called Strike
0-1: Ground out U3 (Groundball, 3)
Top of the 2nd over - 0 run(s), 1 hit(s), 0 error(s), 1 left on base; Sun Prairie 1 - Phoenix Hotspur 0
BOTTOM OF THE 2ND
Phoenix Hotspur Youth batting - Pitching for Sun Prairie Swallows : RHP Ernest Gunter
Batting: RHB Ángel Rivera 0-0: Ball
1-0: Ball
2-0: SINGLE (Groundball, 56D)
Batting: SHB Jesús González 0-0: Foul Ball, location: 2F
0-1: Called Strike
0-2: Ball
1-2: Foul Ball, location: 2F
1-2: Ball
2-2: Fly out, F8 (Line Drive, 8LM)
Batting: RHB Satoshi Terada 0-0: Fly out, F6 (Popup, 56D)
Batting: RHB Javier González 0-0: Ball
1-0: Called Strike
1-1: Fly out, F1 (Popup, 25)
Bottom of the 2nd over - 0 run(s), 1 hit(s), 0 error(s), 1 left on base; Sun Prairie 1 - Phoenix Hotspur 0
TOP OF THE 3RD
Sun Prairie Swallows batting - Pitching for Phoenix Hotspur Youth : RHP Bob Cook
Batting: RHB Joe Craig 0-0: Ball
1-0: Ball
2-0: Ground out 5-3 (Groundball, 56)
Batting: RHB Scott Forrest 0-0: Ground out 3-1 (Groundball, 34)
Batting: RHB José Carlos Ramos 0-0: Called Strike
0-1: Called Strike
0-2: Ball
1-2: Ball
2-2: Strikes out swinging, 2-3 out at first.
Top of the 3rd over - 0 run(s), 0 hit(s), 0 error(s), 0 left on base; Sun Prairie 1 - Phoenix Hotspur 0
BOTTOM OF THE 3RD
Phoenix Hotspur Youth batting - Pitching for Sun Prairie Swallows : RHP Ernest Gunter
Batting: RHB Alejandro Ibarra 0-0: Ball
1-0: Swinging Strike
1-1: Called Strike
1-2: Foul Ball, location: 2F
1-2: Strikes out looking
Batting: RHB Dan Perkins 0-0: Foul Ball, location: 2F
0-1: Ball
1-1: Foul Ball, location: 2F
1-2: Foul Ball, location: 2F
1-2: Ground out 5-3 (Groundball, 56S)
Batting: LHB Arthur Ryan 0-0: Ball
1-0: Foul Ball, location: 2F
1-1: Foul Ball, location: 2F
1-2: Ball
2-2: Fly out, F6 (Line Drive, 6)
Bottom of the 3rd over - 0 run(s), 0 hit(s), 0 error(s), 0 left on base; Sun Prairie 1 - Phoenix Hotspur 0
TOP OF THE 4TH
Sun Prairie Swallows batting - Pitching for Phoenix Hotspur Youth : RHP Bob Cook
Batting: RHB Reece White 0-0: Called Strike
0-1: Ball
1-1: Swinging Strike
1-2: Foul Ball, location: 2F
1-2: Ball
2-2: Ball
3-2: Strikes out looking
Batting: LHB Jason Tagwerker 0-0: Ground out 6-3 (Groundball, 6M)
Batting: RHB Millard Lewis 0-0: Ball
1-0: Ball
2-0: Ball
3-0: Base on Balls
Batting: SHB Aurelio Costello 0-0: Swinging Strike
0-1: Called Strike
0-2: Foul Ball, location: 2F
0-2: SINGLE (Line Drive, 3D)
Millard Lewis to second
Batting: RHB Joel Frazier 0-0: Foul Ball, location: 2F
0-1: Foul Ball, location: 2F
0-2: Ball
Passed Ball!
Millard Lewis to third
Aurelio Costello to second
1-2: Ball
2-2: Foul Ball, location: 2F
2-2: Foul Ball, location: 2F
2-2: Ground out 6-3 (Groundball, 6)
Top of the 4th over - 0 run(s), 1 hit(s), 0 error(s), 2 left on base; Sun Prairie 1 - Phoenix Hotspur 0
BOTTOM OF THE 4TH
Phoenix Hotspur Youth batting - Pitching for Sun Prairie Swallows : RHP Ernest Gunter
Batting: RHB John Boatner 0-0: SINGLE (Line Drive, 4M)
Batting: RHB Júlio Mateo 0-0: Called Strike
0-1: Ball
1-1: Ball
2-1: Ball
3-1: Base on Balls
John Boatner to second
Batting: RHB Ángel Rivera 0-0: Ball
1-0: Swinging Strike
1-1: Swinging Strike
1-2: Strikes out swinging
Batting: SHB Jesús González 0-0: Ball
1-0: Called Strike
1-1: Foul Ball, location: 2F
1-2: SINGLE (Groundball, 23) (infield hit)
John Boatner to third
Júlio Mateo to second
Batting: RHB Satoshi Terada 0-0: GRAND SLAM HOME RUN (Flyball, 7D), Distance : 375 ft
Batting: RHB Javier González 0-0: Called Strike
0-1: Ball
1-1: Ball
2-1: Ground out 5-3 (Groundball, 5)
Batting: RHB Alejandro Ibarra 0-0: Fly out, F6 (Line Drive, 6)
Bottom of the 4th over - 4 run(s), 3 hit(s), 0 error(s), 0 left on base; Sun Prairie 1 - Phoenix Hotspur 4
TOP OF THE 5TH
Sun Prairie Swallows batting - Pitching for Phoenix Hotspur Youth : RHP Bob Cook
Pitching: RHP Dexter Young
Batting: RHB Marcos Rivera 0-0: Swinging Strike
0-1: Foul Ball, location: 2F
0-2: Ball
1-2: Ball
2-2: Foul Ball, location: 2F
2-2: Ball
3-2: Foul Ball, location: 2F
3-2: Strikes out swinging
Batting: RHB Joe Craig 0-0: Ball
1-0: Ball
2-0: Ground out 6-3 (Groundball, 6)
Batting: RHB Scott Forrest 0-0: Ball
1-0: Called Strike
1-1: Swinging Strike
1-2: Strikes out swinging
Top of the 5th over - 0 run(s), 0 hit(s), 0 error(s), 0 left on base; Sun Prairie 1 - Phoenix Hotspur 4
BOTTOM OF THE 5TH
Phoenix Hotspur Youth batting - Pitching for Sun Prairie Swallows : RHP Ernest Gunter
Batting: RHB Dan Perkins 0-0: Fly out, F6 (Popup, 6D)
Batting: LHB Arthur Ryan 0-0: Called Strike
0-1: Fly out, F6 (Popup, 56D)
Batting: RHB John Boatner 0-0: Ground out 5-3 (Groundball, 56)
Bottom of the 5th over - 0 run(s), 0 hit(s), 0 error(s), 0 left on base; Sun Prairie 1 - Phoenix Hotspur 4
TOP OF THE 6TH
Sun Prairie Swallows batting - Pitching for Phoenix Hotspur Youth : RHP Dexter Young
Batting: RHB José Carlos Ramos 0-0: Ball
1-0: Ball
2-0: Foul Ball, location: 2F
2-1: Foul Ball, location: 2F
2-2: Reached on error, E5 (Groundball, 5S)
Pitching: RHP Iván Cordero
Batting: RHB Reece White 0-0: Called Strike
0-1: Ball
1-1: 2-RUN HOME RUN (Flyball, 7D), Distance : 382 ft
Batting: LHB Jason Tagwerker 0-0: Foul Ball, location: 2F
0-1: Ball
1-1: Ball
2-1: Ground out 4-3 (Groundball, 4)
Batting: RHB Millard Lewis 0-0: Ball
1-0: Foul Ball, location: 2F
1-1: Ground out 5-3 (Groundball, 56S)
Batting: SHB Aurelio Costello 0-0: Foul Ball, location: 2F
0-1: Ball
1-1: Ball
2-1: Swinging Strike
2-2: Ball
3-2: Foul Ball, location: 2F
3-2: Foul Ball, location: 2F
3-2: Fly out, F7 (Flyball, 78M)
Top of the 6th over - 2 run(s), 1 hit(s), 1 error(s), 0 left on base; Sun Prairie 3 - Phoenix Hotspur 4
BOTTOM OF THE 6TH
Phoenix Hotspur Youth batting - Pitching for Sun Prairie Swallows : RHP Ernest Gunter
Batting: RHB Júlio Mateo 0-0: Ball
1-0: Called Strike
1-1: Called Strike
1-2: Ball
2-2: Foul Ball, location: 2F
2-2: Ball
3-2: Strikes out swinging
Batting: RHB Ángel Rivera 0-0: Called Strike
0-1: Called Strike
0-2: Strikes out looking
Batting: SHB Jesús González 0-0: SINGLE (Line Drive, 89S)
Batting: RHB Satoshi Terada 0-0: Called Strike
0-1: Foul Ball, location: 2F
0-2: Strikes out looking
Bottom of the 6th over - 0 run(s), 1 hit(s), 0 error(s), 1 left on base; Sun Prairie 3 - Phoenix Hotspur 4
TOP OF THE 7TH
Sun Prairie Swallows batting - Pitching for Phoenix Hotspur Youth : RHP Iván Cordero
Batting: RHB Joel Frazier 0-0: Swinging Strike
0-1: Foul Ball, location: 2F
0-2: Ball
1-2: Ball
2-2: Strikes out looking
Batting: RHB Marcos Rivera 0-0: Fly out, F8 (Flyball, 8RM)
Batting: RHB Joe Craig 0-0: Ball
1-0: Ball
2-0: Called Strike
2-1: Ball
3-1: Base on Balls
Batting: RHB Scott Forrest 0-0: Called Strike
0-1: Foul Ball, location: 2F
0-2: Ball
1-2: Fly out, F7 (Line Drive, 7LD)
Top of the 7th over - 0 run(s), 0 hit(s), 0 error(s), 1 left on base; Sun Prairie 3 - Phoenix Hotspur 4
BOTTOM OF THE 7TH
Phoenix Hotspur Youth batting - Pitching for Sun Prairie Swallows : RHP Ernest Gunter
Batting: RHB Javier González 0-0: SINGLE (Flyball, 89S)
Batting: RHB Alejandro Ibarra 0-0: Sac Bunt - play at first, batter OUT! 2-4
Javier González to second
Pinch Hitting: LHB José Villarreal 0-0: Called Strike
0-1: DOUBLE (Line Drive, 8RM)
Javier González scores
Batting: LHB Arthur Ryan 0-0: Intentional Walk
Pinch Hitting: RHB Jim Unknown 0-0: SINGLE (Groundball, 25) (infield hit)
José Villarreal to third
Arthur Ryan to second
Batting: RHB Júlio Mateo 0-0: Called Strike
0-1: Ground out 3-1 (Groundball, 34)
José Villarreal scores
Arthur Ryan to third
Jim Unknown to second
Pitching: RHP Paul Nance
Batting: RHB Ángel Rivera 0-0: Ball
1-0: Ball
2-0: Foul Ball, location: 2F
2-1: Called Strike
2-2: Ball
3-2: Base on Balls
Batting: SHB Jesús González 0-0: Ball
1-0: Called Strike
1-1: Called Strike
1-2: Ball
2-2: Foul Ball, location: 2F
2-2: SINGLE (Groundball, 34D)
Arthur Ryan scores
Jim Unknown to third
Ángel Rivera to second
Runner from 3rd tries for Home, SAFE, no throw or cutoff
Batting: RHB Satoshi Terada 0-0: Ground out 6-3 (Groundball, 6)
Bottom of the 7th over - 4 run(s), 4 hit(s), 0 error(s), 2 left on base; Sun Prairie 3 - Phoenix Hotspur 8
TOP OF THE 8TH
Sun Prairie Swallows batting - Pitching for Phoenix Hotspur Youth : RHP Iván Cordero
Now at C: Ed Sharp
Now at 2B: Richard Moss
Now at 3B: Jim Unknown
Batting: RHB José Carlos Ramos 0-0: Called Strike
0-1: Ball
1-1: Fly out, F6 (Popup, 6)
Pitching: LHP Raúl Gonzáles
Batting: RHB Reece White 0-0: Called Strike
0-1: Ball
1-1: Called Strike
1-2: Ball
2-2: Foul Ball, location: 2F
2-2: Strikes out swinging
Batting: LHB Jason Tagwerker 0-0: Ball
1-0: Foul Ball, location: 2F
1-1: Foul Ball, location: 2F
1-2: Hit by Pitch
Batting: RHB Millard Lewis 0-0: Called Strike
0-1: Ball
1-1: Swinging Strike
1-2: Fly out, F9 (Flyball, 89M)
Top of the 8th over - 0 run(s), 0 hit(s), 0 error(s), 1 left on base; Sun Prairie 3 - Phoenix Hotspur 8
BOTTOM OF THE 8TH
Phoenix Hotspur Youth batting - Pitching for Sun Prairie Swallows : RHP Paul Nance
Batting: RHB Javier González 0-0: Ball
1-0: Swinging Strike
1-1: Ball
2-1: SINGLE (Groundball, 56D)
Batting: RHB Alejandro Ibarra 0-0: Bunt missed!
0-1: Sac Bunt - play at first, batter OUT! 5-4
Javier González to second
Batting: RHB Richard Moss 0-0: Called Strike
0-1: Ball
1-1: Foul Ball, location: 2F
1-2: Fly out, F8 (Flyball, 8RM)
Batting: LHB Arthur Ryan 0-0: Ball
1-0: Foul Ball, location: 2F
1-1: SINGLE (Line Drive, 9S)
Javier González to third
Runner from 3rd tries for Home, SAFE, no throw or cutoff
Batting: RHB Jim Unknown 0-0: Called Strike
0-1: Ball
1-1: Called Strike
Arthur Ryan steals 2nd base
1-2: Foul Ball, location: 2F
1-2: Ground out 6-3 (Groundball, 6)
Bottom of the 8th over - 1 run(s), 2 hit(s), 0 error(s), 1 left on base; Sun Prairie 3 - Phoenix Hotspur 9
TOP OF THE 9TH
Sun Prairie Swallows batting - Pitching for Phoenix Hotspur Youth : LHP Raúl Gonzáles
Batting: SHB Aurelio Costello 0-0: Ball
1-0: Called Strike
1-1: Ball
2-1: Ball
3-1: Base on Balls
Batting: RHB Joel Frazier 0-0: Ball
1-0: Ball
2-0: Foul Ball, location: 2F
2-1: Swinging Strike
2-2: Ball
3-2: Base on Balls
Aurelio Costello to second
Batting: RHB Marcos Rivera 0-0: Ball
1-0: Called Strike
1-1: Foul Ball, location: 2F
1-2: Strikes out swinging
Batting: RHB Joe Craig 0-0: Called Strike
0-1: Swinging Strike
0-2: Ball
1-2: Ball
2-2: Strikes out swinging
Batting: RHB Scott Forrest 0-0: Ball
1-0: SINGLE (Flyball, 78S)
Aurelio Costello to third
Joel Frazier to second
Runner from 3rd tries for Home, SAFE, throw made home
Batting: RHB José Carlos Ramos 0-0: Foul Ball, location: 2F
0-1: Ball
1-1: Foul Ball, location: 2F
1-2: Ball
2-2: Fielders Choice at 2nd, U6 (Groundball, 6M)
Top of the 9th over - 1 run(s), 1 hit(s), 0 error(s), 2 left on base; Sun Prairie 4 - Phoenix Hotspur 9
This league is powered by Out of the Park Baseball, the baseball management simulation game for PC, Mac and Linux
Friday, January 22nd, 2016 - OOTP Baseball 16.9 Build 39